 Dungeon Crawl Stone Soup version 0.25-a0-413-g3b4b6a4ccc (webtiles) character file.

Game seed: 18446201168218702159, levelgen mode: deterministic

2615 ChaosChampion the Destroyer (level 9, -1/63 HPs)
             Began as a Black Draconian Conjurer on Jan 17, 2020.
             Slain by a human
             ... wielding a +0 hand axe
              (5 damage)
             ... on level 7 of the Dungeon.
             The game lasted 00:25:58 (6622 turns).

ChaosChampion the Destroyer (DrCj)                  Turns: 6622, Time: 00:25:58

Health: -1/63      AC:  9    Str: 11    XL:     9   Next: 34%
Magic:  0/20       EV: 15    Int: 19    God:
Gold:   441        SH:  0    Dex: 11    Spells: 19/22 levels left

rFire    . . .     SeeInvis .   o - +1 short sword (speed)
rCold    . . .     Gourm    .   (no shield)
rNeg     . . .     Faith    .   (armour unavailable)
rPois    .         Spirit   +   (helmet restricted)
rElec    +         Reflect  .   (no cloak)
rCorr    .         Harm     .   e - +1 pair of gloves
MR       .....                  (no boots)
Stlth    ++........             f - amulet of guardian spirit
HPRegen  0.20/turn              i - +3 ring of evasion
MPRegen  0.17/turn              (no ring)

@: flying
A: breathe lightning, unfitting armour, electricity resistance, cold-blooded, AC
+7
a: Breathe Lightning


You were on level 7 of the Dungeon.
You were not hungry.

You visited 2 branches of the dungeon, and saw 8 of its levels.

You collected 441 gold pieces.

Inventory:

Hand Weapons
 l - a cursed +0 flail
 o - a +1 short sword of speed (weapon)
 r - a +2 dagger of flaming
Armour
 e - a +1 pair of gloves (worn)
 u - a cursed +0 chain mail
Jewellery
 f - an amulet of guardian spirit (around neck)
 g - a +3 ring of evasion
 i - a +3 ring of evasion (left hand)
Wands
 m - a wand of flame (25)
Scrolls
 a - 2 scrolls of enchant weapon
 d - 2 scrolls of noise
 k - a scroll of amnesia
 n - a scroll of blinking
 p - a scroll of identify
 s - a scroll of random uselessness
Potions
 c - a potion of might
 j - a potion of berserk rage
 q - a potion of brilliance {unknown}
 v - a potion of degeneration {unknown}
Comestibles
 b - 11 rations
 t - a chunk of flesh


   Skills:
 - Level 0.5 Fighting
 + Level 0.4 Short Blades
 - Level 1.7 Dodging
 - Level 1.7 Stealth
 + Level 7.3 Spellcasting
 * Level 10.8 Conjurations


You had 19 spell levels left.
You knew the following spells:

 Your Spells              Type           Power        Failure   Level  Hunger
a - Magic Dart            Conj           ####         1%          1    None
b - Searing Ray           Conj           #####.       1%          2    None

Your spell library contained the following spells:

 Spells                   Type           Power        Failure   Level  Hunger
 Dazzling Flash           Conj/Hex       ####..       3%          3    #......
 Animate Skeleton         Necr           N/A          10%         1    None
 Apportation              Tloc           #.....       10%         1    None
 Corona                   Hex            #......      10%         1    None
 Summon Small Mammal      Summ           #...         10%         1    None
 Fulminant Prism          Conj/Hex       ####......   11%         4    ###....
 Iskenderun's Mystic Bla  Conj/Tloc      ####....     11%         4    ###....


Dungeon Overview and Level Annotations

Branches:
Dungeon (7/15)             Temple (1/1) D:4

Altars:
Ashenzari
Cheibriados
Dithmenos
Elyvilon
Fedhas
Gozag
Hepliaklqana
Kikubaaqudgha
Makhleb
Nemelex Xobeh
Okawaru
Qazlal
Ru
Sif Muna
Trog
Uskayaw
Wu Jian
Xom
Yredelemnul
The Shining One

Shops:
D:5 :

Annotations:
D:3 3 runed translucent doors, endorz's ghost, amateur MiFi


Innate Abilities, Weirdness & Mutations

You can breathe wild blasts of lightning.
Your glossy black scales are hard. (AC +7)
You cannot fit into any form of body armour.
You are resistant to electric shocks. (rElec)
You are cold-blooded and may be slowed by cold attacks.


Message History

Casting: Searing Ray (safe; 1% risk of failure)
Confirm with . or Enter, or press ? or * to list all spells.
Aiming: Searing Ray (safe; 1% risk of failure)
Press: ? - help, Shift-Dir - straight line, f - human
Aim: a human, wielding a +0 hand axe and wearing a +0 animal skin (severely wounded)
The searing ray hits the human!
The human is almost dead.
The searing ray hits the hog!
You kill the hog! (Press . to maintain the ray.)
The hog bites you! The human hits you with a +0 hand axe.
Without enough magic to sustain it, your searing ray dissipates.
The hog bites you. The human hits you with a +0 hand axe!
* * * LOW HITPOINT WARNING * * *
The hog closely misses you. The human misses you. The hog bites you!
* * * LOW HITPOINT WARNING * * *
You feel very buoyant.
You fly up into the air.
The hog bites you but does no damage. The human hits you with a +0 hand axe.
You die...

##########.#####
#######.......[......#
#..#%%##########..#.##
#..#.%# ###.#.# ..
#..'..# #.._..# #..
#..#..# #.#.### #.#
#..#.h# #...####
#..#### ###p##
##...... #.....#
#..@h# #.##.##
#####.....####.#.####
#.##.#
..........'.......>...
#.##.#
..........####.#.#####
#.##.# ..........#
#.#.# #.##.#
######'### #.#..
#.##.# #...##.##
#.###. #.##.#
#.#.....# #.# #.#
#.##.# #.#.....#
#.###.# #.##.#


You could see 2 hogs and a human.

Vanquished Creatures
  Prince Ribbit (D:5)
  A hippogriff (D:5)
  Grinder (D:5)
  Sigmund (D:6)
  2 hogs (D:7)
  Eustachio (D:5)
  Menkaure (D:6)
  A water moccasin (D:5)
  An ice beast (D:5)
  5 ogres
  A centaur (D:5)
  A scorpion (D:6)
  A crimson imp (D:6)
  A jelly (D:7)
  4 orc wizards
  A bullfrog zombie (D:6)
  A bullfrog skeleton (D:5)
  A hound (D:4)
  An orc priest (D:7)
  A worker ant (D:4)
  A killer bee zombie (D:5)
  3 gnolls (D:3)
  9 adders
  An ooze (D:2)
  4 worms
  5 dart slugs
  A leopard gecko (D:4)
  29 orcs
  2 ball pythons
  6 bats
  7 giant cockroaches
  4 goblins
  8 hobgoblins
  9 jackals (D:2)
  11 kobolds
  3 quokkas
  5 frilled lizards
  A giant cockroach zombie (D:6)
  A jackal skeleton (D:4)
  8 rats
  A spectral orc (D:3)
147 creatures vanquished.

Notes
Turn   | Place    | Note
-------+----------+-------------------------------------------
     0 | D:1      | ChaosChampion the Draconian Conjurer began the quest for
                  | the Orb.
     0 | D:1      | Reached XP level 1. HP: 14/14 MP: 3/3
   291 | D:1      | Reached XP level 2. HP: 8/20 MP: 0/5
   388 | D:1      | Learned a level 2 spell: Searing Ray
  1162 | D:2      | Reached XP level 3. HP: 26/26 MP: 2/6
  1238 | D:2      | Reached skill level 5 in Conjurations
  1745 | D:2      | Reached XP level 4. HP: 33/33 MP: 4/7
  2179 | D:3      | Reached XP level 5. HP: 16/39 MP: 1/10
  2893 | D:3      | Found a runed translucent gate.
  2893 | D:3      | Noticed endorz's ghost (amateur MiFi)
  2894 | D:3      | Found a runed translucent gate.
  2897 | D:3      | Identified the cursed +1 whip of Xom's Esteem {vamp, rC+
                  | rN+ Str+2 Dex+2}
  2897 | D:3      | Identified the +2 scale mail "Ihezeil" {-Cast rElec rC+
                  | Str+4}
  2899 | D:3      | Reached skill level 6 in Conjurations
  2900 | D:3      | Found a runed translucent gate.
  3032 | D:3      | Found a basalt altar of Yredelemnul.
  3546 | D:4      | Reached XP level 6. HP: 24/46 MP: 1/11
  3991 | D:4      | Reached skill level 7 in Conjurations
  4008 | D:4      | Your scales start taking on a glossy black colour.
  4008 | D:4      | Reached XP level 7. HP: 51/51 MP: 4/13
  4008 | D:4      | Gained mutation: You are resistant to electric shocks.
                  | (rElec) [Black Draconian growth]
  4023 | D:4      | Found a hazy altar of Hepliaklqana.
  4072 | D:4      | Found a staircase to the Ecumenical Temple.
  4078 | Temple   | Entered the Ecumenical Temple
  4445 | D:5      | Entered Level 5 of the Dungeon
  4445 | D:5      | Noticed Eustachio
  4548 | D:5      | Found an iron altar of Okawaru.
  4558 | D:5      | Reached skill level 5 in Spellcasting
  4563 | D:5      | Noticed Grinder
  4609 | D:5      | Paralysed by Grinder for 2 turns
  4619 | D:5      | Killed Grinder
  4619 | D:5      | Reached skill level 8 in Conjurations
  4625 | D:5      | Found Viohuet's Book Shoppe.
  4625 | D:5      | Noticed a hippogriff
  4669 | D:5      | Killed a hippogriff
  4669 | D:5      | Reached XP level 8. HP: 32/58 MP: 8/16
  4793 | D:5      | Noticed Prince Ribbit
  4930 | D:5      | Killed Prince Ribbit
  4930 | D:5      | Reached skill level 9 in Conjurations
  5140 | D:5      | Killed Eustachio
  5243 | D:5      | Noticed a moth of wrath
  5246 | D:5      | Found a bloodstained altar of Trog.
  5521 | D:6      | Noticed Menkaure
  5659 | D:6      | Killed Menkaure
  5659 | D:6      | Reached skill level 10 in Conjurations
  5659 | D:6      | Reached XP level 9. HP: 20/63 MP: 0/19
  5808 | D:6      | Found a snail-covered altar of Cheibriados.
  5824 | D:6      | Found an opulent altar of Gozag.
  5825 | D:6      | Found a white marble altar of Elyvilon.
  5827 | D:6      | Found a blossoming altar of Fedhas.
  6170 | D:6      | Noticed Sigmund
  6175 | D:6      | Killed Sigmund
  6480 | D:7      | Found an ornate altar of the Wu Jian Council.
  6622 | D:7      | Slain by a human

Levels and vault maps discovered:
D:1:      sevenhm_arrival_forest_fort_small_3, layout_basic, serial_park_tiny_1,
          minmay_misc_feat_doors
D:2:      layout_rooms, minmay_misc_feat_tiny, serial_park_tiny_pond
D:3:      layout_basic, yredelemnul_forgotten_temple_becter,
          biasface_ghost_orc_armoury, kennysheep_decorative_pillar
D:4:      layout_rooms, lemuel_round_altar, minmay_temple_entry_butterflies,
          first_ration
D:5:      layout_rooms, lemuel_doored_altar, tgw_trog, kennysheep_windowed_goal,
          uniq_prince_ribbit1, uniq_eustachio, uniq_grinder
D:6:      layout_loops_corners, cheibriados_altar_1,
          nicolae_overflow_hidden_temple, chequers_serial_rivers_micro_e,
          uniq_menkaure, uniq_sigmund
D:7:      layout_basic, lemuel_crystal_altar, serial_shops, shop,
          grunt_livestock, minivault_14
Temple:   grunt_temple_mini_profane

Skill      XL: |  1  2  3  4  5  6  7  8  9 |
---------------+----------------------------+-----
Conjurations   | 5 6 7 8 10 | 10.8
Spellcasting   | 3 4 5 6 7 |  7.3
Fighting       | |  0.5
Short Blades   | |  0.4
Dodging        | |  1.7
Stealth        | |  1.7

Action                   |  1- 3 |  4- 6 |  7- 9 || total
-------------------------+-------+-------+-------++-------
Melee: Unarmed           |    23 |    22 |       ||    45
       Tailslap          |     1 |     2 |     2 ||     5
       Short sword       |       |     6 |    10 ||    16
 Cast: Magic Dart        |    64 |    88 |    48 ||   200
       Searing Ray       |    11 |    22 |    32 ||    65
  Use: Potion            |       |       |     7 ||     7
       Scroll            |       |       |    13 ||    13
  Eat: Chunk             |     4 |     4 |     5 ||    13
       Ration            |       |     1 |     1 ||     2
Armor: Skin              |    17 |    21 |    16 ||    54
Dodge: Dodged            |    43 |    72 |    55 ||   170

Table legend:
 A = Non-vault XP
 B = Vault XP
 C = Vault XP percentage of total XP
 D = Non-vault monster count
 E = Vault monster count
 F = Vault count percentage of total count
                 A         B        C        D         E       F
            +---------+---------+-------+---------+---------+-------
      Total |    1912 |    1824 |  48.8 |     137 |      10 |   6.8
            +---------+---------+-------+---------+---------+-------
        D:1 |      38 |       0 |   0.0 |      21 |       0 |   0.0
        D:2 |     113 |       0 |   0.0 |      36 |       0 |   0.0
        D:3 |     209 |       1 |   0.5 |      32 |       1 |   3.0
        D:4 |     499 |       0 |   0.0 |      22 |       0 |   0.0
        D:5 |     454 |    1018 |  69.2 |       8 |       5 |  38.5
        D:6 |     422 |     403 |  48.8 |       9 |       2 |  18.2
        D:7 |     177 |     402 |  69.4 |       9 |       2 |  18.2
            +---------+---------+-------+---------+---------+-------
